 Dungeon Crawl Stone Soup version 0.22-a0-570-g58866f5d57 (webtiles) character file.

100 Kholdaimon the Charmwright (level 4, 0/38 HPs)
             Began as a Gnoll Skald on June 30, 2018.
             Killed from afar by Natasha (8 damage)
             ... with a magic dart
             ... on level 2 of the Dungeon.
             The game lasted 00:05:10 (914 turns).

Kholdaimon the Charmwright (Gnoll Skald)             Turns: 914, Time: 00:05:10

Health: 0/38       AC:  3    Str: 14    XL:     4   Next: 73%
Magic:  1/11       EV: 14    Int: 15    God:
Gold:   116        SH:  0    Dex: 15    Spells: 7/13 levels left

rFire    . . .     SeeInvis .   a - +0 falchion
rCold    . . .     Gourm    .   (no shield)
rNeg     . . .     Faith    .   b - +0 leather armour
rPois    .         Spirit   .   (no helmet)
rElec    .         Reflect  .   (no cloak)
rCorr    .         Harm     .   (no gloves)
MR       .....                  (no boots)
Stlth    ++........             (no amulet)
HPRegen  0.12/turn              (no ring)
MPRegen  0.12/turn              (no ring)

@: shrouded, infused, very slightly contaminated
A: distributed training, fangs 1, strong nose
a: no special abilities


You were on level 2 of the Dungeon.
You were not hungry.

You visited 1 branch of the dungeon, and saw 2 of its levels.

You collected 116 gold pieces.

Inventory:

Hand Weapons
 a - a +0 falchion (weapon)
 o - a +0 whip of pain
Missiles
 c - 47 arrows
Armour
 b - a +0 leather armour (worn)
 k - a +0 pair of boots
 n - a +0 ring mail
Jewellery
 i - an uncursed amulet of the gourmand {unknown}
 q - an uncursed ring of protection from fire {unknown}
Scrolls
 e - a scroll of enchant armour {unknown}
 h - a scroll of teleportation {unknown}
 j - a scroll of fog {unknown}
 l - a scroll of immolation {unknown}
 p - a scroll of remove curse {unknown}
 r - a scroll of identify {unknown}
Potions
 f - a potion of might {unknown}
 g - a potion of heal wounds {unknown}
Comestibles
 d - 4 rations
 s - 3 chunks of flesh


   Skills:
 + Level 4.6 Fighting
 + Level 1.2 Short Blades
 + Level 4.6 Long Blades
 + Level 1.2 Axes
 + Level 1.2 Maces & Flails
 + Level 1.2 Polearms
 + Level 1.2 Staves
 + Level 1.2 Slings
 + Level 1.2 Bows
 + Level 1.2 Crossbows
 + Level 1.2 Throwing
 + Level 2.8 Armour
 + Level 4.6 Dodging
 + Level 1.2 Stealth
 + Level 1.2 Shields
 + Level 1.2 Unarmed Combat
 + Level 5.1 Spellcasting
 + Level 1.0 Conjurations
 + Level 1.0 Hexes
 + Level 5.5 Charms
 + Level 1.0 Summonings
 + Level 1.0 Necromancy
 + Level 1.0 Translocations
 + Level 1.0 Transmutations
 + Level 1.0 Fire Magic
 + Level 1.0 Ice Magic
 + Level 1.0 Air Magic
 + Level 1.0 Earth Magic
 + Level 1.0 Poison Magic
 + Level 1.3 Invocations
 + Level 1.2 Evocations


You had 7 spell levels left.
You knew the following spells:

 Your Spells              Type           Power        Failure   Level  Hunger
a - Infusion              Chrm           ###.         1%          1    None
b - Shroud of Golubria    Chrm/Tloc      ##........   8%          2    ##.....
c - Regeneration          Chrm/Necr      ##........   16%         3    ###....

Your spell library contained the following spells:

 Spells                   Type           Power        Failure   Level  Hunger
 Song of Slaying          Chrm           ###.....     3%          2    ##.....
 Spectral Weapon          Hex/Chrm       ##......     16%         3    ###....


Dungeon Overview and Level Annotations

Branches:
Dungeon (2/15)

Altars:

Annotations:
D:2 Natasha


Innate Abilities, Weirdness & Mutations

Your experience applies equally to all skills.
You have very sharp teeth.
Your uncanny sense of smell can sniff out nearby items.


Message History

Natasha mewls in sadness.
Natasha stares at you and mumbles some strange words.
The magic dart hits you!
* * * LOW HITPOINT WARNING * * *
You hit Natasha.
Natasha is almost dead.
Your skin stops crawling.
Natasha casts a spell at you. You resist with some effort.
You barely miss Natasha.
Natasha is almost dead.
Natasha misses you.
You hit Natasha.
Natasha is almost dead.
Natasha claws you but does no damage.
You miss Natasha.
Natasha is almost dead.
Natasha stares at you and mumbles some strange words.
The magic dart hits you!
You die...

## .### #.. ∆ .....
#.# ..... #.###
......∆....#
......##.#.# #
.......#.#.# .#
#.....h.#.#######.#
###.#.#@#>#.......###
.. #.#.............#
#.
∆∆#.#.#.#.......#.#
#.
#h#.#)###.#####.###.
#.#.#.........#.#...
(.#.#.###.###.#.#.#.
###.#.# #.###.#.#...
#.### #...........
#.>......##.#.#...


You could see Natasha.

Vanquished Creatures
  Jessica (D:2)
  Natasha (D:2)
  An adder (D:2)
  2 oozes
  A worm (D:2)
  2 giant cockroaches (D:1)
  5 goblins
  5 hobgoblins
  2 jackals (D:1)
  3 bats (D:1)
  A frilled lizard (D:1)
  4 kobolds
  A rat (D:1)
29 creatures vanquished.

Notes
Turn   | Place    | Note
-------+----------+-------------------------------------------
     0 | D:1      | Kholdaimon the Gnoll Skald began the quest for the Orb.
     0 | D:1      | Reached XP level 1. HP: 20/20 MP: 6/6
    75 | D:1      | Reached XP level 2. HP: 25/26 MP: 7/7
    79 | D:1      | Learned a level 2 spell: Shroud of Golubria
   501 | D:1      | Reached XP level 3. HP: 31/31 MP: 9/9
   650 | D:2      | Reached skill level 5 in Spellcasting
   722 | D:2      | Reached skill level 1 in Invocations
   847 | D:2      | Noticed Natasha
   856 | D:2      | Killed Natasha
   856 | D:2      | Reached skill level 1 in Short Blades
   856 | D:2      | Reached skill level 1 in Axes
   856 | D:2      | Reached skill level 1 in Maces & Flails
   856 | D:2      | Reached skill level 1 in Polearms
   856 | D:2      | Reached skill level 1 in Staves
   856 | D:2      | Reached skill level 1 in Slings
   856 | D:2      | Reached skill level 1 in Bows
   856 | D:2      | Reached skill level 1 in Crossbows
   856 | D:2      | Reached skill level 1 in Throwing
   856 | D:2      | Reached skill level 1 in Stealth
   856 | D:2      | Reached skill level 1 in Shields
   856 | D:2      | Reached skill level 1 in Unarmed Combat
   856 | D:2      | Reached skill level 1 in Evocations
   856 | D:2      | Reached XP level 4. HP: 23/38 MP: 11/11
   864 | D:2      | Noticed Jessica
   877 | D:2      | Killed Jessica
   877 | D:2      | Reached skill level 1 in Conjurations
   877 | D:2      | Reached skill level 1 in Hexes
   877 | D:2      | Reached skill level 1 in Summonings
   877 | D:2      | Reached skill level 1 in Necromancy
   877 | D:2      | Reached skill level 1 in Translocations
   877 | D:2      | Reached skill level 1 in Transmutations
   877 | D:2      | Reached skill level 1 in Fire Magic
   877 | D:2      | Reached skill level 1 in Ice Magic
   877 | D:2      | Reached skill level 1 in Air Magic
   877 | D:2      | Reached skill level 1 in Earth Magic
   877 | D:2      | Reached skill level 1 in Poison Magic
   895 | D:2      | Noticed Natasha
   905 | D:2      | Learned a level 3 spell: Regeneration
   914 | D:2      | Killed from afar by Natasha

Vault maps used:
D:1:      roderic_chinese_lattice_arrival
D:2:      overflow_temple_1_default, minmay_misc_feat_pillars,
          minmay_tromino_v4_b, uniq_jessica, uniq_natasha

Skill      XL: |  1  2  3  4 |
---------------+-------------+-----
Spellcasting   | 5 |  5.1
Invocations    | 1 |  1.3
Short Blades   | 1 |  1.2
Axes           | 1 |  1.2
Maces & Flails | 1 |  1.2
Polearms       | 1 |  1.2
Staves         | 1 |  1.2
Slings         | 1 |  1.2
Bows           | 1 |  1.2
Crossbows      | 1 |  1.2
Throwing       | 1 |  1.2
Stealth        | 1 |  1.2
Shields        | 1 |  1.2
Unarmed Combat | 1 |  1.2
Evocations     | 1 |  1.2
Conjurations   | 1 |  1.0
Hexes          | 1 |  1.0
Summonings     | 1 |  1.0
Necromancy     | 1 |  1.0
Translocations | 1 |  1.0
Transmutations | 1 |  1.0
Fire Magic     | 1 |  1.0
Ice Magic      | 1 |  1.0
Air Magic      | 1 |  1.0
Earth Magic    | 1 |  1.0
Poison Magic   | 1 |  1.0
Fighting       | |  4.6
Long Blades    | |  4.6
Armour         | |  2.8
Dodging        | |  4.6
Charms         | |  5.5

Action                   |  1- 3 |  4- 6 || total
-------------------------+-------+-------++-------
Melee: Falchion          |    81 |    10 ||    91
       Bite              |    12 |       ||    12
Throw: Stone             |     8 |     5 ||    13
 Cast: Infusion          |     3 |     2 ||     5
       Shroud of Golubri |     2 |     2 ||     4
       Regeneration      |       |     1 ||     1
Armor: Leather armour    |    22 |     1 ||    23
Dodge: Dodged            |    58 |     9 ||    67
       Rpst.: Falchion   |    20 |     1 ||    21

Table legend:
 A = Spawn XP
 B = Non-spawn XP
 C = Spawn XP percentage of total XP
 D = Spawn monster count
 E = Non-spawn monster count
 F = Spawn count percentage of total count
 G = Total turns spent on level
                    A         B        C        D         E        F      G
               +---------+---------+-------+---------+---------+-------+---------
         Total |       0 |     143 |   0.0 |       0 |      29 |   0.0 |   914
               +---------+---------+-------+---------+---------+-------+---------
           D:1 |       0 |      37 |   0.0 |       0 |      19 |   0.0 |   684
           D:2 |       0 |     106 |   0.0 |       0 |      10 |   0.0 |   230
               +---------+---------+-------+---------+---------+-------+---------
